 Dungeon Crawl Stone Soup version 0.22-a0-305-gd21a89c (webtiles) character file.

4120 vishdafish the Skirmisher (level 10, 0/81 HPs)
             Began as a Demonspawn Fighter on Mar 30, 2018.
             Was a Priest of Vehumet.
             Succumbed to a killer bee's poison
             ... on level 6 of the Dungeon.
             The game lasted 00:21:24 (10018 turns).

vishdafish the Skirmisher (Demonspawn Fighter)     Turns: 10018, Time: 00:21:25

Health: 0/81       AC:  8    Str: 15 (17) XL:     10   Next: 6%
Magic:  3/10       EV:  9    Int:  9 (12) God:    Vehumet [***...]
Gold:   374        SH:  9    Dex: 11 (13) Spells: 4/9 levels left

rFire    + . .     SeeInvis .   a - +0 long sword
rCold    + + .     Gourm    .   c - +0 shield
rNeg     . . .     Faith    .   h - +0 steam dragon scales
rPois    +         Spirit   +   (helmet restricted)
rElec    +         Reflect  .   (no cloak)
rCorr    +         Harm     .   (no gloves)
MR       ++...                  r - +0 pair of boots
Stlth    ++........             (no amulet)
HPRegen  0.23/turn              p - ring of protection from cold
MPRegen  0.24/turn              B - ring of protection from magic

@: lethally poisoned (0 -> -9), resistant, flying, heavily drained
A: antennae 1, rugged brown scales 1, camouflage 1, magic resistance 1, magic
shield, magic regeneration
a: Renounce Religion


You were on level 6 of the Dungeon.
You worshipped Vehumet.
Vehumet was most pleased with you.
You were not hungry.

You visited 1 branch of the dungeon, and saw 7 of its levels.

You collected 374 gold pieces.

Inventory:

Hand Weapons
 a - a +0 long sword (weapon)
 u - a +0 blowgun
 A - a +0 spear
Missiles
 v - 19 poisoned needles
Armour
 b - a +0 scale mail
 c - a +0 shield (worn)
 d - a +0 helmet
 h - +0 steam dragon scales (worn)
 r - a +0 pair of boots (worn)
Jewellery
 p - a ring of protection from cold (left hand)
 s - an uncursed amulet of harm {unknown}
 B - a ring of protection from magic (right hand)
Wands
 q - a wand of iceblast (2)
Scrolls
 e - 2 scrolls of teleportation
 g - 3 scrolls of immolation
 j - a scroll of enchant weapon {unknown}
 k - 5 scrolls of amnesia {unknown}
 l - 7 scrolls of remove curse
 m - a scroll of noise {unknown}
 n - 3 scrolls of blinking {unknown}
 y - a scroll of magic mapping {unknown}
 z - a scroll of fog {unknown}
 D - a scroll of brand weapon {unknown}
 E - a scroll of enchant armour {unknown}
Potions
 o - a potion of cancellation
 F - a potion of invisibility {unknown}
Comestibles
 f - 6 rations


   Skills:
 - Level 7.5(5.9) Fighting
 + Level 6.9(5.3) Long Blades
 - Level 7.0(5.3) Armour
 + Level 2.1(0.7) Dodging
 - Level 7.0(5.3) Shields
 - Level 0.1(0.0) Spellcasting
 * Level 2.0(0.6) Poison Magic


You had 4 spell levels left.
You knew the following spells:

 Your Spells              Type           Power        Failure   Level  Hunger
a - Sting                 Conj/Pois      #...         30%         1    ##.....
b - Olgreb's Toxic Radia  Pois           #.......     92%         4    #####..


Dungeon Overview and Level Annotations

Branches:
Dungeon (7/15)
 Temple: D:4-7

Altars:
Cheibriados
Dithmenos
Fedhas
Gozag
Makhleb
Okawaru
Qazlal
Sif Muna
Vehumet
Yredelemnul

Annotations:
D:2 Crazy Yiuf


Innate Abilities, Weirdness & Mutations

You are partially covered in rugged brown scales. (AC +1, +3% HP)
When hurt, damage is shared between your health and your magic reserves.
You regenerate magic rapidly.
You have a pair of small antennae on your head.
Your skin changes colour to match your surroundings (Stealth+).
You are resistant to hostile enchantments. (MR+)


Message History

You feel sick. You block the killer bee's attack. x2
The wight closely misses you.
You riposte.
You barely miss the wight.
The wight is heavily damaged.
You hit the wight.
The wight is severely damaged.
You feel sick. You block the killer bee's attack.
The killer bee stings you but does no damage. x2
The wight hits you with an enchanted morningstar!
* * * LOW HITPOINT WARNING * * *
You feel drained.
* * * LOW HITPOINT WARNING * * *
Okay, then.
It was a potion of resistance.
You feel protected.
* * * LOW HITPOINT WARNING * * *
You feel sick. The killer bee misses you. You block the killer bee's attack.
It was a potion of flight.
You feel very buoyant.
You fly up into the air.
You die...

#.................#.#####.##.##
#..#############..(...)...##.#
#....# #.##(########.# #..#.#
#.##(# #.# #..#.# #.##.# #.#
#..#.# #.##.# #.## #..#.#
#.##.# #... #..#.# #######.##.#
#### #....# #...z@y.##.# ##<..#
#.########.# #...#####.# #.#
#...##<...### #.# #...)(......#
#.# #..###.####.# #.#
#..###...##.# #.#
##..##.....#.# #.#
#...#....[...# #.#


You could see a killer bee and a wight.

Vanquished Creatures
  The ghost of vishdafish the Slasher, a novice DsFi of Ru (D:5)
  Sigmund (D:6)
  Eustachio (D:4)
  2 steam dragons (D:5)
  Menkaure (D:4)
  Duvessa (D:6)
  3 orc warriors (D:6)
  4 ice beasts
  2 sky beasts
  2 black bears (D:6)
  2 ogres
  2 phantoms
  A centaur (D:6)
  A bullfrog (D:5)
  Dowan (D:6)
  2 killer bees (D:6)
  A wight (D:6)
  6 crimson imps
  A bullfrog zombie (D:6)
  A centaur zombie (D:6)
  4 hounds
  5 orc priests (D:6)
  3 orc wizards
  A jelly (D:6)
  2 bullfrog skeletons
  A centaur skeleton (D:4)
  A gnoll shaman (D:6)
  2 iguanas
  Ijyb (D:5)
  Terence (D:2)
  6 worker ants
  2 hound skeletons
  A worker ant zombie (D:5)
  Robin (D:2)
  16 adders
  A howler monkey skeleton (D:5)
  4 shadow imps
  2 oozes
  An adder zombie (D:5)
  2 worms
  5 dart slugs
  8 leopard geckos
  17 orcs
  14 bats
  2 giant cockroaches
  15 goblins
  12 hobgoblins
  11 jackals
  12 kobolds
  6 quokkas
  3 frilled lizards
  A jackal zombie (D:3)
  A leopard gecko zombie (D:5)
  6 rats
206 creatures vanquished.

Vanquished Creatures (others)
  A fungus (D:5)
1 creature vanquished.

Grand Total: 207 creatures vanquished

Notes
Turn   | Place    | Note
-------+----------+-------------------------------------------
     0 | D:1      | vishdafish the Demonspawn Fighter began the quest for the Orb.
     0 | D:1      | Reached XP level 1. HP: 18/18 MP: 1/1
   103 | D:1      | Gained mutation: When hurt, damage is shared between your health and your magic reserves. [demonic ancestry]
   103 | D:1      | Reached XP level 2. HP: 17/24 MP: 2/2
   478 | D:1      | Gained mutation: You regenerate magic rapidly. [demonic ancestry]
   478 | D:1      | Reached XP level 3. HP: 29/29 MP: 3/3
   699 | D:2      | Found a shadowy altar of Dithmenos.
   702 | D:2      | Noticed a phantom
   732 | D:2      | Killed a phantom
   732 | D:2      | Reached XP level 4. HP: 10/35 MP: 2/4
  1029 | D:2      | Noticed Terence
  1047 | D:2      | Killed Terence
  1047 | D:2      | Reached XP level 5. HP: 21/41 MP: 3/5
  1252 | D:2      | Found an opulent altar of Gozag.
  1607 | D:2      | Found a radiant altar of Vehumet.
  1611 | D:2      | Became a worshipper of Vehumet
  1620 | D:2      | Found an iron altar of Okawaru.
  1689 | D:2      | Reached skill level 1 in Dodging
  1825 | D:2      | Noticed Robin
  2182 | D:2      | Killed Robin
  2296 | D:2      | Gained mutation: Your spells are a little easier to cast, but a little less powerful. [potion of mutation]
  2296 | D:2      | Gained mutation: Your mind is acute. (Int +2) [potion of mutation]
  2296 | D:2      | Gained mutation: Your magical capacity is low. (-10% MP) [potion of mutation]
  2296 | D:2      | Gained mutation: You have a pair of small antennae on your head. [potion of mutation]
  2304 | D:2      | Lost mutation: Your magical capacity is low. (-10% MP) [potion of mutation]
  2304 | D:2      | Lost mutation: Your mind is acute. (Int +2) [potion of mutation]
  2304 | D:2      | Lost mutation: Your spells are a little easier to cast, but a little less powerful. [potion of mutation]
  2304 | D:2      | Gained mutation: You are resistant to hostile enchantments. (MR+) [potion of mutation]
  2304 | D:2      | Gained mutation: You are partially covered in rugged brown scales. (AC +1, +3% HP) [potion of mutation]
  2304 | D:2      | Gained mutation: Your skin changes colour to match your surroundings (Stealth+). [potion of mutation]
  2346 | D:2      | Found a deep blue altar of Sif Muna.
  2557 | D:2      | Found a runed door.
  2720 | D:2      | Noticed Crazy Yiuf
  2773 | D:3      | Reached * piety under Vehumet
  2773 | D:3      | Offered knowledge of Sting by Vehumet.
  2773 | D:3      | Reached XP level 6. HP: 44/49 MP: 4/6
  2777 | D:3      | Learned a level 1 spell: Sting
  3294 | D:3      | Noticed an ice beast
  3346 | D:3      | Killed an ice beast
  3647 | D:3      | Found a stormy altar of Qazlal.
  3942 | D:4      | Mutation became permanent: You are partially covered in rugged brown scales. (AC +1, +3% HP) [demonic ancestry]
  3942 | D:4      | Gained mutation: You are partially covered in rugged brown scales. (AC +1, +3% HP) [demonic ancestry]
  3942 | D:4      | Reached XP level 7. HP: 43/56 MP: 7/7
  3978 | D:4      | Noticed Eustachio
  4070 | D:4      | Killed Eustachio
  4638 | D:4      | Reached skill level 5 in Fighting
  4813 | D:4      | Noticed Menkaure
  4820 | D:4      | Killed Menkaure
  4906 | D:4      | Found a burning altar of Makhleb.
  4916 | D:4      | Reached skill level 5 in Shields
  4916 | D:4      | Reached XP level 8. HP: 57/63 MP: 8/8
  5224 | D:5      | Entered Level 5 of the Dungeon
  5286 | D:5      | Reached ** piety under Vehumet
  5286 | D:5      | Offered knowledge of Throw Frost by Vehumet.
  5286 | D:5      | Reached skill level 5 in Armour
  5357 | D:5      | Reached skill level 5 in Long Blades
  5409 | D:5      | Noticed vishdafish's ghost (novice DsFi)
  5894 | D:5      | Killed vishdafish's ghost
  6078 | D:5      | Found a basalt altar of Yredelemnul.
  6078 | D:5      | Found a blossoming altar of Fedhas.
  6139 | D:5      | Found a snail-covered altar of Cheibriados.
  6211 | D:5      | Noticed Ijyb
  6224 | D:5      | Killed Ijyb
  6962 | D:5      | Reached XP level 9. HP: 70/71 MP: 9/9
  7398 | D:6      | Offered knowledge of Static Discharge by Vehumet.
  7743 | D:6      | Noticed Duvessa
  7761 | D:6      | Killed Duvessa
  7761 | D:6      | Reached *** piety under Vehumet
  7766 | D:6      | Noticed Dowan
  7774 | D:6      | Killed Dowan
  8531 | D:6      | Noticed Sigmund
  8552 | D:6      | Killed Sigmund
  8871 | D:6      | Offered knowledge of Ignite Poison by Vehumet.
  9341 | D:6      | Learned a level 4 spell: Olgreb's Toxic Radiance
  9566 | D:6      | Reached skill level 1 in Poison Magic
  9633 | D:6      | Reached XP level 10. HP: 60/81 MP: 10/10
 10016 | D:6      | HP: 3/81 [wight/enchanted morningstar (4)]
 10018 | D:6      | Succumbed to a killer bee's poison

Vault maps used:
D:1:      eino_arrival_tree_alley
D:2:      nicolae_dithmenos_shadow_blocks, amethyst_overflow_temple_binary,
          led_sif_pool, nicolae_gozag_cash_rules_everything_around_me,
          uniq_crazy_yiuf_cottage, uniq_terence, uniq_robin
D:3:      lemuel_round_altar
D:4:      makhleb_blood_cavern_becter, first_ration, uniq_eustachio,
          uniq_menkaure
D:5:      kennysheep_steamy, cheibriados_altar_1,
          gammafunk_temple_overflow_pools, uniq_ijyb
D:6:      minmay_divided_ellipse, uniq_duvessa, uniq_sigmund
D:7:      eat_drink_and_be_merry_uskayaw, minmay_temple_entry_from_below_a,
          basic_altar, grunt_ministairs_9, minmay_nine_imps

Skill      XL: |  1  2  3  4  5  6  7  8  9 10 |
---------------+-------------------------------+-----
Shields        | 3 4 5 6 7 |  7.0
Long Blades    | 2 3 4 5 6 |  6.9
Armour         | 3 4 5 7 |  7.0
Dodging        | 1 2 |  2.1
Fighting       | 4 5 6 7 |  7.5
Poison Magic   | 1 2 |  2.0
Spellcasting   | |  0.1

Action                   |  1- 3 |  4- 6 |  7- 9 | 10-12 || total
-------------------------+-------+-------+-------+-------++-------
Melee: Long sword        |    93 |   315 |   668 |    41 ||  1117
Evoke: Wand              |       |    10 |    26 |       ||    36
  Use: Potion            |     1 |     3 |     8 |     4 ||    16
       Scroll            |       |     6 |     3 |       ||     9
 Stab: Paralysed         |       |       |    26 |       ||    26
       Confused          |       |       |     3 |       ||     3
       Sleeping          |       |       |     3 |       ||     3
       Distracted        |       |       |     1 |       ||     1
  Eat: Chunk             |       |    10 |     9 |     2 ||    21
       Ration            |       |       |     3 |       ||     3
Armor: Scale mail        |    53 |   179 |   140 |       ||   372
       Steam dragon scal |       |       |   134 |    20 ||   154
Dodge: Dodged            |    32 |   120 |   205 |    35 ||   392
Block: Shield            |    70 |   195 |   326 |    46 ||   637
       Rpst.: Long sword |     7 |    47 |    77 |     8 ||   139

Table legend:
 A = Spawn XP
 B = Non-spawn XP
 C = Spawn XP percentage of total XP
 D = Spawn monster count
 E = Non-spawn monster count
 F = Spawn count percentage of total count
 G = Total turns spent on level
                    A         B        C        D         E        F      G
               +---------+---------+-------+---------+---------+-------+---------
         Total |       0 |    5887 |   0.0 |       0 |     206 |   0.0 | 10018
               +---------+---------+-------+---------+---------+-------+---------
           D:1 |       0 |      52 |   0.0 |       0 |      23 |   0.0 |   985
           D:2 |       0 |     301 |   0.0 |       0 |      46 |   0.0 |  1766
           D:3 |       0 |     311 |   0.0 |       0 |      31 |   0.0 |  1102
           D:4 |       0 |     806 |   0.0 |       0 |      15 |   0.0 |  1742
           D:5 |       0 |    1374 |   0.0 |       0 |      28 |   0.0 |  1683
           D:6 |       0 |    3043 |   0.0 |       0 |      63 |   0.0 |  2701
               +---------+---------+-------+---------+---------+-------+---------
